 Dungeon Crawl Stone Soup version 0.23.2-1-ga50397a6bc (webtiles) character file.

Game seed: 1681322550477740780

1348 Paidos the Basher (level 8, 0/71 HPs)
             Began as a Minotaur Berserker on Apr 26, 2019.
             Was a Believer of Trog.
             Slain by a bullfrog (5 damage)
             ... on level 8 of the Dungeon.
             The game lasted 00:46:58 (3018 turns).

Paidos the Basher (Minotaur Berserker)              Turns: 3018, Time: 00:46:58

Health: 0/71       AC: 10    Str: 29    XL:     8   Next: 36%
Magic:  15/15      EV: 13    Int:  4    God:    Trog [**....]
Gold:   260        SH:  0    Dex: 10    Spells: 7/7 levels left

rFire    + + .     SeeInvis .   t - +0 dire flail
rCold    . . .     Gourm    .   (shield currently unavailable)
rNeg     . . .     Faith    .   a - +3 ring mail of the Sun {rF+ Str+2}
rPois    .         Spirit   .   (helmet restricted)
rElec    .         Reflect  .   q - +0 cloak
rCorr    .         Harm     .   (no gloves)
MR       .....                  (no boots)
Stlth    +.........             h - amulet of the acrobat
HPRegen  0.21/turn              k - +3 ring of strength
MPRegen  0.14/turn              b - ring of magical power

@: lethally poisoned (0 -> -1)
A: retaliatory headbutt, horns 2, fire resistance 1, low mp 1
a: Berserk, Trog's Hand, Renounce Religion


You were on level 8 of the Dungeon.
You worshipped Trog.
Trog was pleased with you.
You were not hungry.

You visited 2 branches of the dungeon, and saw 9 of its levels.

You collected 260 gold pieces.

Inventory:

Hand Weapons
 e - a +2 quarterstaff of chaos
 p - a +0 war axe
 r - a +1 mace of protection
 t - a +0 dire flail (weapon)
 v - a +0 morningstar
Armour
 a - the +3 ring mail of the Sun (worn) {rF+ Str+2}
   (You found it on level 4 of the Dungeon)

   It affects your strength (+2).
   It protects you from fire.
 i - a +3 leather armour of magic resistance
 m - a +0 plate armour
 o - a +2 leather armour of fire resistance
 q - a +0 cloak (worn)
Jewellery
 b - a ring of magical power (right hand)
 h - an amulet of the acrobat (around neck)
 k - a +3 ring of strength (left hand)
Wands
 l - a wand of polymorph (13)
 n - a wand of digging (4)
Scrolls
 f - a scroll of magic mapping
 g - 6 scrolls of identify
 j - 2 scrolls of remove curse
 u - 2 scrolls of teleportation
Potions
 d - 2 potions of flight
 s - a potion of agility
 w - a potion of mutation
Comestibles
 c - 5 rations


   Skills:
 + Level 6.6 Fighting
 + Level 8.9 Maces & Flails
 + Level 5.8 Armour
 + Level 4.8 Dodging
 - Level 0.6 Stealth


You had 7 spell levels left.
You didn't know any spells.
Your spell library contained the following spells:

 Spells                   Type           Power        Failure   Level  Hunger
 Beastly Appendage        Tmut           #.....       63%         1    ##.....
 Confusing Touch          Hex            #.....       63%         1    ##.....
 Sticks to Snakes         Tmut           #.......     77%         2    ###....
 Confuse                  Hex            #.......     94%         3    ####...
 Gell's Gravitas          Tloc           #.........   94%         3    ####...
 Spider Form              Tmut/Pois      #.........   94%         3    ####...
 Ice Form                 Ice/Tmut       #.......     100%        4    #####..
 Petrify                  Tmut/Erth      #.......     100%        4    #####..
 Blade Hands              Tmut           #.........   100%        5    ######.
 Metabolic Englaciation   Hex/Ice        #.........   100%        5    ######.
 Yara's Violent Unravell  Hex/Tmut       #.........   100%        5    ######.


Dungeon Overview and Level Annotations

Branches:
Dungeon (8/15)             Temple (1/1) D:7
   Lair: D:8-11

Altars:
Ashenzari
Dithmenos
Elyvilon
Fedhas
Gozag
Hepliaklqana
Kikubaaqudgha
Nemelex Xobeh
Qazlal
Ru
Trog
Uskayaw
Vehumet
Wu Jian
Xom
Yredelemnul
Zin
The Shining One

Shops:
D:7 (

Annotations:
D:6 Sigmund


Innate Abilities, Weirdness & Mutations

You reflexively headbutt those who attack you in melee.
You have a pair of horns on your head.
Your flesh is heat resistant. (rF+)
Your magical capacity is low. (-10% MP)


Message History

The killer bee is severely wounded.
The killer bee stings you but does no damage.
The killer bee misses you.
Unknown command.
You bludgeon the killer bee!!
You kill the killer bee!
Trog accepts your kill.
A bullfrog comes into view.
You feel sick.
The bullfrog croaks.
The bullfrog moves out of view.
You see here a killer bee corpse.
You feel sick.
Okay, then.
The bullfrog completely misses you. You furiously retaliate!
You headbutt the bullfrog! You hit the bullfrog.
The bullfrog is severely wounded.
The bullfrog hits you.
You die...

#########
#<......# # #
#†#####.#.
....#.#.##......
......F@...#
...##.#.####
#.#.. F #### .#
#. #


You could see a bullfrog.

Vanquished Creatures
  2 orc warriors (D:7)
  An ice beast (D:5)
  A centaur (D:5)
  A bullfrog (D:6)
  A scorpion (D:7)
  7 killer bees
  2 crimson imps
  A jelly (D:7)
  A hound (D:2)
  An orc wizard (D:7)
  Crazy Yiuf (D:4)
  A bullfrog skeleton (D:4)
  A centaur skeleton (D:4)
  An iguana (D:5)
  Ijyb (D:4)
  3 worker ants
  A worker ant zombie (D:5)
  7 gnolls
  5 adders
  A white imp (D:6)
  An ooze (D:2)
  2 adder skeletons
  3 worms
  2 dart slugs (D:1)
  4 leopard geckos (D:4)
  8 orcs
  3 bats
  3 giant cockroaches
  4 goblins
  6 hobgoblins
  A frilled lizard (D:1)
  5 kobolds
  A leopard gecko skeleton (D:7)
  A quokka skeleton (D:4)
  2 rats
86 creatures vanquished.

Notes
Turn   | Place    | Note
-------+----------+-------------------------------------------
     0 | D:1      | Paidos the Minotaur Berserker began the quest for the Orb.
     0 | D:1      | Reached XP level 1. HP: 19/19 MP: 0/0
   101 | D:1      | Reached XP level 2. HP: 17/27 MP: 1/1
   148 | D:1      | Reached skill level 4 in Maces & Flails
   557 | D:2      | Reached XP level 3. HP: 34/34 MP: 2/2
   685 | D:2      | Reached XP level 4. HP: 41/41 MP: 3/3
  1092 | D:3      | Reached ** piety under Trog
  1103 | D:3      | Reached skill level 5 in Maces & Flails
  1113 | D:3      | Reached XP level 5. HP: 18/47 MP: 4/4
  1327 | D:3      | Gained mutation: Your magical capacity is low. (-10% MP)
                  | [potion of mutation]
  1327 | D:3      | Gained mutation: Your flesh is heat resistant. (rF+)
                  | [potion of mutation]
  1372 | D:3      | Noticed a sky beast
  1412 | D:4      | Reached skill level 5 in Fighting
  1489 | D:4      | Noticed Ijyb
  1496 | D:4      | Killed Ijyb
  1541 | D:4      | Reached skill level 6 in Maces & Flails
  1541 | D:4      | Reached XP level 6. HP: 53/56 MP: 4/4
  1549 | D:4      | Got a twisted ring mail
  1700 | D:4      | Identified the +3 ring mail of the Sun {rF+ Str+2} (You
                  | found it on level 4 of the Dungeon)
  1811 | D:4      | Found a runed translucent door.
  1812 | D:4      | Noticed Crazy Yiuf
  1818 | D:4      | Killed Crazy Yiuf
  1965 | D:5      | Entered Level 5 of the Dungeon
  2036 | D:5      | Reached skill level 7 in Maces & Flails
  2036 | D:5      | Reached XP level 7. HP: 61/61 MP: 5/5
  2366 | D:6      | Noticed Sigmund
  2626 | D:7      | Found a staircase to the Ecumenical Temple.
  2703 | Temple   | Entered the Ecumenical Temple
  2900 | D:7      | Found Mebo's Antique Weapon Boutique.
  2902 | D:7      | Reached skill level 8 in Maces & Flails
  2923 | D:7      | Reached skill level 5 in Armour
  2923 | D:7      | Reached XP level 8. HP: 70/70 MP: 6/6
  3018 | D:8      | Slain by a bullfrog

Skill      XL: |  1  2  3  4  5  6  7 |
---------------+----------------------+-----
Fighting       | 4 5 6 |  6.6
Maces & Flails | 4 5 6 7 8 |  8.9
Armour         | 3 4 5 |  5.8
Dodging        | 3 4 |  4.8
Stealth        | |  0.6

Action                   |  1- 3 |  4- 6 |  7- 9 || total
-------------------------+-------+-------+-------++-------
Melee: Mace              |    36 |    76 |    50 ||   162
       Headbutt          |     7 |    24 |    13 ||    44
       Flail             |       |    14 |       ||    14
       Dire flail        |       |       |    12 ||    12
Invok: Berserk           |       |     3 |     1 ||     4
       Trog's Hand       |       |       |     2 ||     2
  Use: Scroll            |     5 |     3 |     4 ||    12
       Potion            |       |     9 |       ||     9
  Eat: Chunk             |       |     6 |       ||     6
       Ration            |       |       |     2 ||     2
Armor: Animal skin       |     2 |       |       ||     2
       Leather armour    |    11 |    31 |       ||    42
       Ring mail         |       |    10 |    24 ||    34
Dodge: Dodged            |    31 |    68 |    71 ||   170
